Map: Vaani Research Station (Void)

Players

Trizztein - Winner!

  • Race: Terran Terran
  • League: Diamond
  • Spawn Location: 12:00

MrZurkon

  • Race: Terran Terran
  • League: Diamond
  • Spawn Location: 6:00

VOD

Have the link to the VOD?

Description

Time

  • Played on: Dec. 17, 2016, 6:17 p.m.
  • Length: 17:19
Show
View Real Time Build Order
Export as new Build Order

Trizztein Terran - Winner!

Build Orders: Reaper Expand, Mech 

Get SALT Encoding   

  12  0:00  SCV  
  13  0:12  SCV  
  14  0:19  Supply Depot  
  14  0:24  SCV  
  15  0:40  SCV  
  15  0:42  Barracks  
  16  0:46  Refinery  
  16  0:52  SCV  
  17  1:04  SCV  
  18  1:22  SCV  
  19  1:30  Reaper  
  20  1:35  Orbital Command  
  20  2:00  Command Center, Supply Depot, SCV  
  21  2:04  Marine  
  22  2:15  Factory  
  22  2:17  SCV  
  23  2:23  Barracks Reactor  
  23  2:28  Refinery  
  23  2:30  SCV  
  24  2:40  Bunker  
  24  2:42  SCV  
  25  2:54  SCV  
  26  2:59  Factory Tech Lab  
  26  3:00  Marine x2  
  28  3:06  SCV  
  28  3:14  Starport  
  28  3:23  SCV  
  28  3:25  Marine x2  
  28  3:26  Supply Depot  
  31  3:35  Siege Tank, SCV  
  35  3:42  Supply Depot  
  33  3:51  Marine, SCV  
  33  3:54  Starport Tech Lab  
  35  4:09  Siege Tank  
  37  4:16  Supply Depot  
  37  4:24  Refinery  
  37  4:25  SCV  
  38  4:32  Orbital Command  
  38  4:38  Raven  
  38  4:41  SCV  
  41  4:52  Siege Tank  
  44  4:53  SCV  
  44  4:59  Supply Depot  
  45  5:02  Marine x2  
  45  5:04  SCV  
  45  5:05  SCV  
  49  5:09  Supply Depot  
  49  5:16  SCV  
  49  5:18  SCV  
  51  5:28  SCV  
  51  5:29  Engineering Bay  
  51  5:30  Marine x2, SCV  
  51  5:32  Siege Tank  
  57  5:40  SCV  
  57  5:42  SCV  
  59  5:53  SCV  
  59  5:54  SCV  
  59  5:55  Factory  
  59  5:56  Viking x2  
  64  6:12  SCV  
  64  6:15  Siege Tank  
  64  6:16  SCV  
  66  6:19  Supply Depot  
  66  6:20  Supply Depot  
  66  6:30  Command Center  
  66  6:40  Siege Tank, SCV  
  66  6:42  Viking, SCV  
  73  6:52  SCV  
  75  6:54  SCV  
  75  7:01  Siege Tank  
  75  7:03  Barracks Reactor  
  75  7:07  Supply Depot  
  78  7:08  Factory  
  78  7:09  SCV x2  
  80  7:15  Medivac  
  80  7:21  SCV x2  
  84  7:27  Medivac  
  86  7:31  Supply Depot  
  86  7:33  SCV x2  
  86  7:35  Hellion  
  86  7:36  Hellion  
  92  7:41  Armory  
  92  7:43  Orbital Command  
  92  7:45  SCV x2  
  94  7:57  Hellion  
  94  7:58  SCV  
  97  8:08  Refinery  
  97  8:11  Refinery  
  97  8:15  SCV x2  
  97  8:19  Siege Tank x2  
  105  8:21  Orbital Command  
  105  8:26  Refinery, Missile Turret x2  
  105  8:27  SCV x2  
  105  8:28  Missile Turret  
  105  8:32  Supply Depot  
  107  8:39  SCV x2  
  109  8:47  Viking  
  111  8:50  Starport  
  111  8:51  Siege Tank  
  114  8:58  SCV x2  
  114  8:59  SCV  
  117  9:04  Siege Tank  
  117  9:05  Hellion x2  
  124  9:10  SCV  
  125  9:22  SCV x3  
  125  9:23  Siege Tank  
  131  9:25  Supply Depot  
  131  9:27  Supply Depot  
  131  9:30  Supply Depot  
  126  9:34  SCV  
  126  9:36  Liberator x2, Siege Tank  
  126  9:38  SCV x2  
  118  9:40  Hellion x2  
  117  9:51  Starport Reactor  
  117  9:54  SCV  
  117  9:55  Siege Tank  
  117  9:57  SCV x2  
  129  10:01  Command Center  
  124  10:08  Siege Tank  
  124  10:09  Terran Vehicle Weapons Level 1  
  127  10:15  Armory  
  127  10:32  Hellion x3  
  133  10:40  Siege Tank  
  128  10:50  SCV x2  
  128  10:53  Siege Tank  
  130  10:57  Fusion Core  
  130  10:58  SCV  
  130  10:59  Factory  
  130  11:00  Hellion x2  
  130  11:02  Viking x2, SCV  
  130  11:03  Factory  
  140  11:05  SCV  
  140  11:09  Supply Depot  
  140  11:10  SCV  
  142  11:11  Supply Depot  
  142  11:14  Siege Tank  
  145  11:29  Missile Turret  
  145  11:30  Missile Turret x2  
  145  11:31  Refinery  
  145  11:33  Sensor Tower  
  145  11:34  Refinery  
  145  11:38  Starport  
  148  11:47  Hellion x2, Siege Tank x2  
  148  11:52  Planetary Fortress  
  155  12:01  Supply Depot  
  155  12:07  Factory Reactor  
  155  12:19  Terran Vehicle Weapons Level 2, Siege Tank  
  155  12:20  Infernal Pre-Igniter  
  155  12:22  Hellion x2  
  162  12:23  Hellion  
  162  12:26  Starport Tech Lab  
  162  12:29  Starport  
  162  12:31  Weapon Refit  
  162  12:39  Viking  
  162  12:40  Viking x2  
  162  12:44  Hellion  
  170  12:54  Viking x2  
  172  13:06  Hellion x3  
  172  13:08  Hellion x3  
  172  13:09  Viking x2  
  172  13:10  Viking x2  
  192  13:16  Terran Vehicle And Ship Armor Level 1  
  180  13:29  Viking x2  
  187  13:34  Hellion x3, Siege Tank x2  
  192  13:50  Starport Tech Lab  
  192  13:54  SCV  
  191  13:59  Command Center  
  191  14:04  Viking x2  
  193  14:21  Siege Tank  
  196  14:34  Hellion x2  
  196  14:38  SCV x2  
  196  14:52  Refinery  
  196  14:56  Hellion  
  196  14:57  Hellion, Refinery  
  196  15:02  Hellion  
  196  15:04  Hellion  
  194  15:07  Siege Tank  
  194  15:11  Siege Tank  
  194  15:40  Orbital Command  
  192  15:43  Siege Tank  
  192  15:45  Battlecruiser  
  184  16:47  Refinery  
  184  16:48  Refinery  
Show
View Real Time Build Order
Export as new Build Order

MrZurkon Terran 

Build Orders: 1/1/1, Cyclone Opening, Bio Tank 

Get SALT Encoding   

  12  0:01  SCV  
  13  0:13  SCV  
  14  0:18  Supply Depot  
  14  0:25  SCV  
  15  0:30  Refinery  
  15  0:40  SCV  
  16  0:46  Barracks  
  16  0:52  SCV  
  16  0:56  Refinery  
  17  1:04  SCV  
  18  1:16  SCV  
  19  1:32  Orbital Command  
  19  1:33  Reaper  
  19  1:37  Factory  
  20  1:47  Supply Depot  
  20  1:58  SCV  
  21  2:06  Reaper  
  22  2:11  SCV  
  23  2:21  Cyclone  
  26  2:23  SCV  
  26  2:25  Starport  
  27  2:35  Supply Depot, SCV  
  28  2:47  SCV  
  28  2:48  Reaper  
  30  2:56  Cyclone  
  33  2:59  SCV  
  34  3:11  SCV  
  35  3:23  SCV  
  36  3:35  SCV  
  36  3:37  Command Center  
  37  3:47  SCV  
  39  4:03  SCV  
  39  4:07  Starport Reactor, Factory Tech Lab  
  36  4:13  Engineering Bay  
  36  4:15  SCV  
  37  4:21  Barracks, Barracks Reactor  
  37  4:26  Siege Tank  
  37  4:27  SCV  
  41  4:35  Supply Depot  
  41  4:39  SCV  
  42  4:47  Viking  
  42  4:50  Missile Turret  
  44  4:54  SCV  
  45  5:01  Orbital Command  
  45  5:06  SCV  
  46  5:09  Siege Tank  
  46  5:11  Missile Turret  
  49  5:14  Supply Depot  
  49  5:18  SCV  
  49  5:21  Marine x2  
  50  5:22  Barracks Tech Lab  
  50  5:28  SCV  
  53  5:30  SCV  
  53  5:35  Missile Turret  
  54  5:40  SCV  
  54  5:42  SCV  
  56  5:48  Siege Tank  
  56  5:49  Viking  
  61  5:52  Viking, SCV  
  61  5:54  SCV  
  65  6:04  SCV  
  64  6:14  SCV  
  64  6:16  SCV  
  63  6:24  Barracks  
  63  6:25  Siege Tank  
  66  6:26  SCV  
  66  6:28  SCV  
  66  6:29  Barracks  
  66  6:31  Barracks x2  
  68  6:35  Barracks  
  68  6:45  Viking, Marine  
  71  6:47  Command Center  
  71  6:49  Stimpack  
  68  6:57  Siege Tank, SCV  
  68  6:58  SCV  
  73  7:01  Refinery  
  73  7:04  Refinery  
  73  7:05  Sensor Tower  
  73  7:13  Barracks Reactor  
  73  7:28  Supply Depot  
  73  7:29  Supply Depot, Siege Tank  
  76  7:32  Supply Depot  
  76  7:40  Barracks Reactor x2  
  76  7:41  Barracks Reactor  
  76  7:44  SCV x2  
  76  7:49  Marine  
  76  7:50  Marine x4  
  76  7:51  Refinery, Marine  
  84  7:54  Refinery  
  84  7:56  SCV  
  85  8:01  Siege Tank  
  85  8:04  Factory  
  88  8:08  Marine x2  
  88  8:09  Marine  
  88  8:10  Marine x3  
  94  8:14  Orbital Command  
  94  8:16  SCV  
  95  8:24  Missile Turret  
  95  8:25  Sensor Tower, Marine  
  95  8:26  Marine  
  97  8:27  Marine x3  
  97  8:30  Viking  
  102  8:38  Terran Infantry Weapons Level 1  
  102  8:41  Engineering Bay  
  102  8:42  SCV x2  
  104  8:50  Combat Shields  
  104  8:54  Missile Turret  
  104  9:04  Marine x12  
  116  9:10  SCV  
  116  9:15  Supply Depot  
  116  9:16  Siege Tank, SCV  
  121  9:21  Marine  
  121  9:22  Marine x4  
  121  9:23  Marine  
  123  9:26  Marine x2  
  81  9:38  Marine  
  81  9:39  Marine  
  81  9:44  Marine x2  
  71  9:48  Siege Tank  
  71  9:52  Marine  
  72  9:54  Marine x2  
  74  10:03  Command Center  
  67  10:08  Marine  
  67  10:09  Marine x9  
  67  10:12  Marine x2  
  77  10:14  Factory Tech Lab  
  77  10:22  Viking, Siege Tank  
  77  10:26  Marine  
  77  10:27  Marine x2  
  85  10:34  Missile Turret  
  78  10:57  Siege Tank x2  
  84  11:08  SCV x2  
  86  11:39  Siege Tank x2  
  92  11:40  Marine x8  
  92  11:41  Marine x2  
  102  11:52  Missile Turret x3  
  102  11:55  Marine  
  102  11:56  Marine  
  102  11:58  Marine  
  104  12:11  Siege Tank  
  104  12:13  Siege Tank  
  104  12:15  Missile Turret  
  109  12:17  Planetary Fortress  
  109  13:22  Supply Depot  
  109  13:26  Marine  
  109  13:27  SCV  
  109  13:28  Marine x4  
  109  13:29  Marine  
  109  13:31  Marine  
  109  13:32  Viking, Marine, SCV  
  109  13:35  Marine  
  109  13:41  Viking  
  109  13:43  Siege Tank  
  109  13:46  Marine x8  
  109  13:47  Marine  
  97  13:48  Marine  
  97  13:50  Marine  
  97  13:53  Marine  
  96  14:02  Viking  
  92  14:04  Marine x6  
  98  14:11  Viking, Marine x4  
  98  14:22  Supply Depot  
  97  14:32  Viking  
  98  14:40  Viking  
Tags
 
Add a new tag
Caveats
  • Supply blocks, unpowered buildings, or Contaminate may cause inaccurate times.
  • Supply counts are checked every 10 seconds.